Map: Dusk Towers

Players

Neeb - Winner!

  • Race: Protoss Protoss
  • League: Grandmaster

speaknow (ByuN)

  • Race: Terran Terran
  • League: Platinum

VOD

Have the link to the VOD?

Description

Time

  • Played on: Dec. 14, 2015, 8:11 p.m.
  • Length: 30:57
Show
View Real Time Build Order
Export as new Build Order

Neeb Protoss - Winner!

Build Orders: 1 Gate Expand 

Get SALT Encoding   

  12  0:00  Probe (Chrono Boost)  
  13  0:11  Probe (Chrono Boost)  
  14  0:18  Pylon  
  14  0:22  Probe (Chrono Boost)  
  15  0:36  Probe (Chrono Boost)  
  15  0:39  Gateway  
  16  0:46  Probe (Chrono Boost)  
  17  0:57  Probe (Chrono Boost)  
  17  0:58  Assimilator  
  18  1:08  Probe (Chrono Boost)  
  19  1:18  Nexus  
  19  1:27  Cybernetics Core  
  19  1:30  Probe (Chrono Boost)  
  20  1:37  Assimilator  
  20  1:40  Probe (Chrono Boost)  
  21  1:49  Pylon  
  21  1:51  Probe (Chrono Boost)  
  22  2:01  Probe (Chrono Boost)  
  22  2:03  Warp Gate (Chrono Boost)  
  22  2:07  Adept (Chrono Boost)  
  25  2:12  Probe (Chrono Boost)  
  26  2:25  Mothership Core (Chrono Boost)  
  28  2:30  Pylon  
  28  2:31  Probe (Chrono Boost)  
  31  2:40  Stalker, Probe (Chrono Boost)  
  31  2:43  Probe  
  33  2:49  Robotics Facility  
  33  2:51  Probe  
  33  2:55  Probe  
  35  3:01  Probe  
  36  3:05  Gateway  
  36  3:09  Probe  
  37  3:13  Gateway  
  37  3:15  Probe  
  38  3:21  Probe  
  38  3:26  Probe  
  39  3:28  Pylon  
  39  3:33  Probe  
  41  3:36  Observer (Chrono Boost)  
  41  3:38  Probe  
  41  3:40  Pylon  
  43  3:45  Probe  
  44  3:50  Probe  
  44  3:54  Observer (Chrono Boost)  
  46  3:57  Probe  
  46  4:02  Probe  
  47  4:04  Stalker  
  47  4:09  Stalker  
  50  4:10  Probe  
  50  4:11  Observer  
  50  4:14  Probe  
  53  4:22  Probe (Chrono Boost)  
  53  4:26  Probe (Chrono Boost)  
  53  4:29  Assimilator x2  
  54  4:33  Stargate  
  54  4:34  Probe (Chrono Boost)  
  54  4:35  Pylon  
  54  4:37  Probe (Chrono Boost)  
  56  4:40  Pylon  
  56  4:42  Stalker  
  56  4:44  Probe (Chrono Boost)  
  59  4:48  Stalker  
  59  4:49  Probe (Chrono Boost)  
  60  4:55  Probe (Chrono Boost)  
  61  5:00  Probe (Chrono Boost)  
  61  5:06  Stalker x2, Probe (Chrono Boost)  
  67  5:11  Probe (Chrono Boost)  
  62  5:15  Stalker  
  62  5:16  Probe (Chrono Boost)  
  61  5:23  Probe (Chrono Boost)  
  62  5:33  Nexus  
  62  5:34  Pylon  
  62  5:35  Immortal  
  63  5:41  Sentry  
  67  5:49  Probe x2 (Chrono Boost), Phoenix (Chrono Boost)  
  70  5:59  Gateway  
  70  6:01  Gateway  
  70  6:04  Gateway  
  70  6:06  Sentry  
  70  6:09  Probe x2  
  70  6:10  Immortal  
  78  6:21  Probe  
  79  6:26  Pylon  
  79  6:27  Pylon  
  79  6:28  Pylon  
  79  6:36  Robotics Bay  
  79  6:40  Pylon  
  79  6:45  Probe  
  79  6:46  Warp Prism  
  79  6:57  Mothership Core  
  79  6:59  Forge  
  79  7:03  Stalker x5, Twilight Council  
  79  7:08  Pylon  
  89  7:09  Pylon  
  89  7:13  Probe  
  90  7:18  Probe  
  91  7:23  Stalker  
  91  7:25  Probe  
  94  7:30  Probe  
  94  7:35  Protoss Ground Armor Level 1  
  93  7:38  Probe  
  93  7:40  Blink (Chrono Boost)  
  93  7:42  Probe  
  95  7:46  Disruptor (Chrono Boost)  
  95  7:49  Nexus  
  95  7:50  Probe  
  99  7:53  Pylon  
  99  7:57  Assimilator  
  99  8:00  Probe  
  99  8:01  Assimilator  
  99  8:02  Probe  
  101  8:10  Adept x2  
  101  8:11  Adept  
  101  8:12  Probe, Adept  
  110  8:14  Probe  
  110  8:18  Disruptor, Pylon  
  111  8:21  Forge  
  111  8:24  Probe  
  111  8:26  Probe  
  116  8:27  Gravitic Drive  
  116  8:36  Probe  
  116  8:38  Probe  
  118  8:45  Pylon  
  118  8:49  Stalker x4  
  124  8:59  Disruptor  
  122  9:14  Forge  
  114  9:18  Stalker x4  
  114  9:19  Stalker  
  118  9:25  Probe  
  118  9:26  Probe  
  118  9:29  Probe  
  106  9:39  Disruptor  
  106  9:40  Probe  
  106  9:42  Probe  
  106  9:44  Pylon  
  111  9:47  Protoss Ground Weapons Level 1 (Chrono Boost)  
  111  9:50  Probe  
  112  9:57  Protoss Ground Armor Level 2 (Chrono Boost)  
  112  9:59  Probe, Pylon  
  113  10:05  Robotics Facility  
  113  10:10  Warp Prism  
  113  10:15  Nexus  
  113  10:17  Probe x2, Pylon  
  113  10:20  Stalker x2  
  113  10:21  Stalker x2  
  123  10:24  Resonating Glaives  
  123  10:27  Stalker  
  125  10:29  Gateway  
  123  10:41  Disruptor  
  125  10:55  Adept x3  
  125  10:56  Adept x2, Disruptor  
  135  11:03  Photon Cannon  
  138  11:12  Nexus, Disruptor  
  138  11:23  Stalker x4  
  138  11:24  Stalker x2  
  150  11:32  Disruptor  
  150  11:34  Pylon  
  151  11:44  Probe  
  151  11:45  Probe x2  
  151  11:46  Protoss Ground Weapons Level 2 (Chrono Boost)  
  154  11:51  Pylon  
  157  11:57  Probe x3  
  157  11:59  Adept x2  
  157  12:00  Adept  
  153  12:13  Adept x3  
  153  12:14  Mothership Core  
  153  12:16  Disruptor  
  153  12:20  Probe  
  135  12:26  Probe  
  135  12:27  Probe  
  128  12:31  Probe  
  128  12:35  Probe  
  128  12:36  Probe  
  128  12:39  Probe  
  128  12:41  Probe  
  128  12:43  Pylon  
  131  12:49  Pylon x2, Protoss Ground Armor Level 3 (Chrono Boost)  
  131  12:50  Pylon  
  131  12:52  Disruptor  
  131  12:56  Stalker x2  
  131  12:57  Stalker x3  
  144  13:02  Assimilator  
  144  13:03  Stalker  
  146  13:06  Assimilator  
  146  13:15  Gateway x2  
  146  13:20  Adept x2  
  146  13:22  Photon Cannon  
  146  13:24  Stalker  
  152  13:28  Disruptor  
  130  13:44  Adept x5  
  138  13:48  Probe  
  138  13:50  Probe  
  132  14:02  Disruptor  
  128  14:05  Stalker x5  
  128  14:06  Stalker  
  143  14:13  Robotics Facility  
  143  14:14  Protoss Ground Weapons Level 3 (Chrono Boost), Pylon  
  143  14:16  Stalker x2  
  147  14:30  Stalker x4  
  155  14:32  Nexus  
  155  14:33  Disruptor  
  150  14:48  Stalker x4  
  148  15:01  Disruptor  
  148  15:05  Stalker x2  
  148  15:06  Stalker, Observer, Pylon  
  145  15:22  Disruptor  
  147  15:34  Stalker x3  
  153  15:36  Photon Cannon  
  153  15:37  Observer  
  136  16:00  Stalker  
  136  16:01  Stalker x2  
  120  16:15  Disruptor  
  111  16:22  Stalker x3  
  117  16:30  Assimilator  
  117  16:32  Assimilator  
  105  16:49  Stalker x4  
  105  16:50  Stalker  
  106  17:02  Disruptor  
  108  17:11  Observer  
  108  17:15  Adept x4  
  117  17:27  Disruptor  
  113  17:35  Stalker x2  
  105  17:50  Disruptor  
  101  17:52  Stalker  
  103  17:59  Disruptor  
  106  18:14  Nexus  
  106  18:16  Stalker  
  106  18:17  Stalker x2  
  112  18:26  Disruptor  
  112  18:27  Assimilator  
  112  18:30  Pylon  
  115  18:37  Pylon  
  115  18:44  Adept x5  
  115  18:45  Adept x2  
  129  18:53  Disruptor  
  132  19:07  Disruptor  
  135  19:15  Photon Cannon x2  
  135  19:26  Adept x2  
  135  19:28  Stalker x2  
  135  19:29  Stalker  
  145  19:34  Stalker  
  145  19:35  Sentry  
  145  19:37  Stalker  
  149  19:51  Disruptor  
  149  19:55  Disruptor  
  155  20:04  Stalker x4  
  155  20:05  Stalker  
  162  20:14  Adept x3  
  160  20:22  Disruptor  
  160  20:28  Photon Cannon  
  160  20:31  Disruptor  
  140  20:51  Stalker x3  
  140  20:52  Stalker x3  
  140  20:53  Disruptor  
  130  21:11  Disruptor  
  113  21:24  Disruptor  
  113  21:31  Sentry, Stalker  
  113  21:32  Stalker x3  
  126  21:44  Nexus  
  126  21:46  Pylon  
  126  21:47  Disruptor  
  126  21:52  Probe  
  126  21:53  Probe x2  
  126  21:54  Probe x2  
  133  21:56  Adept x4  
  133  21:58  Adept  
  142  22:22  Stalker  
  138  22:24  Adept  
  138  22:25  Adept  
  138  22:26  Adept  
  138  22:27  Adept x4  
  143  22:44  Disruptor  
  138  23:04  Adept x5  
  146  23:10  Adept x3  
  152  23:19  Probe x2  
  131  23:21  Probe x2  
  123  23:28  Probe  
  123  23:30  Probe  
  123  23:31  Adept x3  
  114  23:36  Probe  
  114  23:37  Probe x2  
  114  23:39  Probe  
  114  23:41  Probe  
  119  23:46  Probe, Assimilator  
  121  23:49  Probe  
  121  23:50  Assimilator  
  121  23:52  Stalker x2  
  111  24:19  Disruptor  
  117  24:28  Pylon  
  117  24:30  Probe x2  
  117  24:31  Probe  
  117  24:33  Stalker x2, Assimilator  
  117  24:34  Stalker x2  
  117  24:35  Stalker x2  
  129  24:39  Probe  
  129  24:40  Probe x2  
  129  24:44  Pylon  
  132  24:49  Stalker  
  134  25:05  Disruptor  
  134  25:06  Disruptor  
  112  25:13  Stalker x2  
  112  25:14  Stalker x2  
  122  25:23  Adept x4  
  127  25:36  Disruptor  
  127  25:42  Disruptor  
  130  25:45  Adept x2  
  137  25:56  Nexus  
  134  26:13  Adept  
  134  26:14  Adept x3  
  134  26:15  Adept x3  
  134  26:18  Adept x4  
  136  26:19  Adept x3  
  146  26:43  Sentry x2  
  146  26:46  Sentry x2, Stalker  
  146  26:47  Stalker  
  124  27:14  Stalker x3  
  124  27:15  Sentry x2  
  126  27:50  Stalker x2  
  130  27:53  Nexus  
  124  28:13  Stalker x5  
  134  28:22  Pylon  
  134  28:34  Disruptor  
  127  28:38  Disruptor  
  130  28:59  Sentry  
  130  29:01  Sentry  
  134  29:06  Nexus  
  134  29:14  Disruptor  
  133  29:19  Disruptor  
  139  29:45  Disruptor  
  126  29:54  Disruptor  
  113  30:16  Disruptor  
Show
View Real Time Build Order
Export as new Build Order

speaknow Terran 

Build Orders: 1/1/1, Liberator Opening, Bio Tank, MMM Bio 

Get SALT Encoding   

  12  0:00  SCV  
  13  0:13  SCV  
  14  0:17  Supply Depot  
  14  0:25  SCV  
  15  0:39  SCV  
  15  0:40  Barracks  
  16  0:44  Refinery  
  16  0:51  SCV  
  16  0:55  Refinery  
  17  1:03  SCV  
  18  1:15  SCV  
  19  1:27  Orbital Command  
  19  1:28  Marine  
  20  1:33  Factory  
  20  1:41  Supply Depot  
  20  1:46  Barracks Reactor  
  20  1:53  SCV  
  21  2:05  SCV  
  22  2:17  SCV  
  22  2:18  Starport  
  22  2:19  Widow Mine  
  22  2:22  Marine x2  
  25  2:25  Supply Depot  
  25  2:29  SCV  
  28  2:40  Marine x2  
  28  2:41  SCV  
  31  2:49  Widow Mine  
  33  2:53  SCV  
  33  2:54  Medivac  
  33  2:55  Supply Depot  
  36  3:01  Marine x2  
  38  3:06  SCV  
  38  3:07  Liberator  
  42  3:32  Command Center  
  42  3:35  SCV  
  42  3:37  Factory Tech Lab  
  43  3:41  Supply Depot  
  43  3:45  Marine  
  43  3:46  Marine  
  45  3:50  SCV  
  35  4:02  Liberator  
  45  4:07  Marine x2  
  47  4:10  SCV  
  47  4:11  Siege Tank  
  51  4:23  SCV  
  55  4:26  Barracks  
  55  4:29  Marine x2  
  55  4:43  SCV  
  56  4:49  Marine x2  
  56  4:50  Siege Tank  
  61  4:56  SCV  
  62  5:00  Orbital Command  
  62  5:07  Marine x2  
  62  5:08  SCV  
  62  5:20  SCV, Barracks Tech Lab  
  58  5:24  Siege Tank, Marine x2  
  61  5:30  Starport Reactor  
  61  5:34  Barracks  
  61  5:36  SCV x2  
  61  5:42  Marine x3  
  64  5:43  Stimpack  
  64  5:48  SCV x2  
  68  5:52  Engineering Bay  
  68  5:54  Supply Depot  
  68  6:00  Marine x2  
  70  6:16  SCV x2, Siege Tank, Marine  
  70  6:17  Starport Reactor  
  70  6:18  Marine x2  
  76  6:28  SCV x2  
  78  6:33  Supply Depot x2  
  78  6:36  Terran Infantry Weapons Level 1  
  78  6:40  Refinery  
  78  6:48  Supply Depot  
  78  6:54  SCV x2, Marine x3  
  78  6:58  Supply Depot  
  82  7:04  Siege Tank  
  82  7:05  Medivac x2  
  82  7:06  SCV x2  
  91  7:12  Marine x3  
  91  7:13  Supply Depot  
  91  7:17  Marine x2  
  93  7:23  Command Center  
  93  7:27  SCV x2  
  95  7:30  Marine x3  
  95  7:35  Marine x2, Medivac x2  
  90  7:42  SCV x2  
  90  7:44  Refinery  
  92  7:46  Supply Depot  
  92  7:47  Marine x2  
  92  7:50  Barracks  
  92  7:51  Barracks  
  94  7:53  Siege Tank  
  94  7:58  Marine x3  
  98  8:02  Combat Shields  
  100  8:05  Marine x2  
  102  8:13  Medivac  
  102  8:16  Marine x3  
  102  8:17  Medivac  
  109  8:20  Supply Depot  
  109  8:24  Supply Depot  
  109  8:25  SCV x2  
  112  8:27  Marine  
  112  8:29  Marauder  
  113  8:35  Marine x2  
  113  8:36  Marine  
  116  8:45  Marine  
  117  8:49  Marine x2  
  117  8:50  Marauder  
  117  8:53  Marine x2  
  122  8:59  Orbital Command  
  121  9:02  Armory  
  121  9:06  Marine x2  
  124  9:11  Marauder  
  118  9:21  Barracks Tech Lab x2  
  118  9:22  Marine x2  
  119  9:24  Marine x2  
  112  9:33  Marauder  
  112  9:35  Orbital Command  
  97  9:39  Marine  
  97  9:40  Marine  
  97  9:42  Marine x2  
  97  9:44  Engineering Bay  
  103  9:52  Marauder x2  
  105  9:54  Marauder  
  105  9:55  Factory Reactor  
  105  9:57  SCV x2, Marine x2  
  105  9:58  Supply Depot  
  105  9:59  Terran Infantry Weapons Level 2  
  111  10:00  Marine x2  
  111  10:04  Missile Turret  
  111  10:06  SCV  
  114  10:09  SCV x2  
  114  10:11  Medivac x2  
  114  10:13  Marine x2  
  122  10:15  Refinery  
  122  10:17  Refinery  
  122  10:21  Marine, Marauder  
  124  10:22  Marine  
  124  10:26  Marine x2  
  126  10:31  Marauder  
  126  10:32  Marauder  
  128  10:36  Liberator  
  128  10:37  Widow Mine, Liberator  
  128  10:39  Marine  
  128  10:40  Marine  
  128  10:42  Marauder, Widow Mine  
  136  10:43  Marine  
  141  10:53  Marauder x2  
  147  11:03  Terran Infantry Armor Level 1  
  147  11:13  Command Center  
  147  11:15  Marine x3  
  147  11:16  Marauder x2, Marine  
  147  11:17  Marauder  
  157  11:19  Widow Mine, Liberator  
  157  11:20  Widow Mine  
  157  11:22  Liberator  
  161  11:29  Terran Ship Weapons Level 1  
  163  11:43  Supply Depot  
  163  11:45  Supply Depot  
  163  11:46  Supply Depot  
  164  11:58  Marauder  
  164  12:00  Marauder  
  164  12:03  Marauder  
  164  12:04  Marine  
  153  12:09  Marine x3  
  148  12:20  Marauder  
  148  12:21  Marauder  
  148  12:22  Marine  
  147  12:24  Marauder  
  147  12:27  Marine x3  
  135  12:33  Terran Infantry Weapons Level 3  
  135  12:34  SCV x3  
  138  12:37  Medivac x2  
  138  12:38  Widow Mine x2  
  138  12:40  Marine  
  138  12:41  Marauder  
  138  12:43  Marauder  
  151  12:44  Marine  
  151  12:45  Marine  
  151  12:46  Marauder  
  151  12:47  Planetary Fortress  
  155  12:58  Marine x2  
  157  13:03  Marauder  
  157  13:04  Marauder  
  161  13:06  Widow Mine x2  
  161  13:07  Marauder  
  167  13:14  Marine x2  
  167  13:16  SCV  
  167  13:17  SCV x2  
  172  13:24  Marauder, Marine x2  
  172  13:26  Marauder  
  178  13:28  Marauder  
  178  13:29  Missile Turret  
  172  13:34  Marine  
  172  13:36  Marine  
  140  13:42  Marine x2  
  140  13:45  Marauder  
  140  13:47  Marauder  
  135  13:49  Widow Mine x2  
  135  13:50  Marauder  
  135  13:52  Marine  
  135  13:53  Marine  
  127  13:56  Terran Infantry Armor Level 2  
  127  13:59  Marine  
  122  14:07  Marauder  
  122  14:08  Marauder, Sensor Tower, Starport  
  122  14:09  Marine  
  127  14:10  Terran Ship Weapons Level 2, Marine  
  127  14:11  Marauder  
  127  14:15  Marine  
  131  14:17  Medivac  
  133  14:24  Liberator  
  133  14:27  Command Center  
  133  14:28  Marauder  
  133  14:30  Marauder  
  137  14:32  Marauder  
  137  14:34  Liberator x2  
  137  14:37  Marine  
  137  14:38  Marine  
  131  14:39  Marine x2  
  131  14:49  Marine  
  131  14:51  Marine  
  136  14:53  Marine  
  136  14:58  Marine x4  
  139  15:05  Widow Mine x2  
  143  15:07  Marauder, Liberator  
  143  15:09  Marauder  
  143  15:12  Marauder  
  147  15:17  Liberator x2  
  147  15:18  Marine x2  
  147  15:19  Marine x2  
  137  15:29  Marauder  
  137  15:30  Marauder  
  149  15:35  Marauder  
  149  15:36  Marine x3  
  149  15:37  Marine  
  149  15:42  Sensor Tower  
  151  15:49  Marine  
  126  15:50  Liberator  
  126  15:51  Marine  
  126  15:54  Marine x4  
  124  15:57  Marauder  
  124  16:00  Liberator  
  120  16:08  Marauder  
  120  16:09  Marine  
  96  16:12  Marine x3  
  96  16:13  Marine  
  96  16:18  Marauder  
  97  16:24  Widow Mine x2  
  101  16:27  Marauder  
  101  16:29  Marauder  
  101  16:30  Marine x2  
  107  16:34  Marine x2  
  107  16:39  Marauder  
  83  16:47  Marine  
  83  16:48  Marine  
  83  16:49  Marauder  
  83  16:51  Marauder  
  83  16:52  Liberator, Marine x2  
  83  16:53  Liberator  
  83  16:56  Liberator  
  83  17:01  Marauder  
  79  17:05  Marine x2  
  81  17:09  Marine  
  81  17:10  Marauder  
  81  17:12  Marauder  
  95  17:22  Marauder  
  93  17:31  Marauder  
  93  17:35  Marauder  
  96  17:41  Marine x2  
  96  17:44  Marine x2, Marauder  
  80  17:52  Medivac  
  80  17:53  Marauder  
  80  17:57  Marauder  
  86  17:59  Marine x2  
  86  18:02  Marine x2  
  86  18:05  Marauder  
  90  18:11  Medivac x2  
  94  18:13  Terran Infantry Armor Level 3  
  94  18:14  Marauder  
  94  18:18  Marauder  
  94  18:19  Marine  
  98  18:20  Marine x3  
  98  18:21  Refinery  
  98  18:24  Planetary Fortress  
  98  18:26  Marine  
  103  18:28  SCV x2  
  105  18:35  Marine  
  105  18:38  Widow Mine x2  
  110  18:41  SCV  
  110  18:42  SCV x2, Missile Turret  
  110  18:45  SCV  
  114  18:54  Medivac x2  
  118  18:57  Marine x4  
  118  18:59  Marauder  
  118  19:00  Marauder  
  118  19:02  Marauder  
  128  19:16  Marine x2  
  130  19:18  Marine  
  130  19:19  Marine  
  130  19:21  Marauder x2  
  130  19:23  Marauder  
  138  19:26  SCV  
  139  19:37  Marine x3  
  142  19:42  Marauder x2  
  142  19:44  Marauder  
  147  19:50  Marine  
  127  19:55  Marine x3  
  123  20:04  Marauder x2  
  123  20:06  Marauder  
  129  20:09  Marine  
  129  20:12  Marine  
  127  20:15  Barracks, Marine x2  
  127  20:16  Barracks  
  122  20:25  Marauder x2  
  122  20:27  Marine x2  
  115  20:35  Liberator x3  
  112  20:38  Marine  
  112  20:39  Marine x2  
  106  20:45  Marauder, Marine  
  106  20:46  Marauder, Marine  
  109  20:56  Marine x2  
  114  20:57  Marine  
  114  21:02  Marine  
  88  21:04  Marauder  
  88  21:07  Marine, Marauder  
  87  21:14  Marine x2  
  87  21:16  Orbital Command  
  87  21:18  Liberator  
  83  21:21  Marine x2  
  80  21:26  Widow Mine, Marauder x2  
  80  21:28  Marine  
  80  21:30  Marine  
  80  21:32  Marine  
  90  21:47  Marine x4  
  90  21:52  Marauder  
  96  21:55  Marauder  
  96  21:56  Marine  
  96  21:58  Widow Mine x2  
  96  22:01  Marine x2  
  105  22:09  Liberator x2  
  105  22:13  Marauder  
  105  22:14  Marine x3  
  105  22:15  Marine  
  111  22:16  Marauder  
  113  22:28  Marine x3  
  122  22:32  Marine x2  
  114  22:48  Liberator, Marauder x2  
  114  22:49  Marine x2  
  114  22:50  Marine x2  
  108  22:53  Liberator, Marine x2  
  108  22:55  Marine  
  96  23:07  Marine x2  
  96  23:08  Marine x2  
  96  23:09  Marauder x2  
  96  23:11  Marine  
  83  23:34  Marauder, Marine  
  83  23:35  Marauder, Marine  
  83  23:37  Marine x5  
  88  23:43  Medivac  
  90  23:51  Orbital Command  
  90  23:52  Marine x2  
  90  23:55  Marine x4  
  95  24:01  Marine x2  
  98  24:03  Marauder  
  99  24:10  Marine x2  
  101  24:20  Medivac x2, Marauder  
  107  24:24  SCV  
  107  24:34  Refinery, Marine x5  
  107  24:36  SCV, Marine x2  
  115  24:44  Marauder x2  
  119  24:48  SCV  
  119  24:52  Marine x5  
  122  24:53  Refinery, Marine x2  
  123  25:00  SCV  
  123  25:04  Marine  
  123  25:05  Marine, Liberator  
  93  25:10  Marine x5  
  93  25:11  Marine  
  93  25:12  SCV, Marauder  
  101  25:22  Marine  
  101  25:23  Marauder  
  101  25:24  SCV  
  101  25:26  Concussive Shells, Liberator  
  101  25:28  Marine x3  
  111  25:32  Marine x3  
  111  25:33  Marine  
  115  25:40  Marine  
  116  25:49  Marauder  
  121  25:51  Marauder  
  116  26:09  Marine x2  
  109  26:11  Marine x2  
  109  26:12  Marine x2  
  109  26:16  Marine x2  
  115  26:20  Marauder  
  115  26:21  Medivac x2  
  121  26:29  SCV  
  122  26:35  Liberator, Marauder  
  122  26:36  Medivac  
  126  26:41  SCV  
  127  26:54  SCV  
  131  26:56  Marine x2  
  131  26:59  Marauder  
  131  27:00  Marauder  
  131  27:01  Marine  
  114  27:02  Liberator  
  114  27:07  Marine x2  
  114  27:08  Marine x2  
  101  27:13  Marine  
  101  27:14  Marine  
  100  27:19  Marine  
  100  27:20  Marine  
  104  27:26  Marine  
  104  27:28  Marine  
  106  27:30  Marine  
  106  27:34  Widow Mine, Marine x2  
  106  27:36  Marine  
  104  27:38  Marine  
  104  27:46  Marauder  
  104  27:47  Marine  
  104  27:48  Marauder  
  109  27:52  Marine x2  
  96  28:09  Marine x3  
  81  28:31  Marauder  
  81  28:33  Marauder  
  80  28:35  Marauder, Marine x2  
  80  28:38  Marine x2  
  80  28:46  Orbital Command  
  80  28:53  Marauder, Marine x2  
  80  28:54  Marine  
  85  28:55  Marine  
  85  28:56  Marine x2  
  88  29:12  Marauder  
  89  29:24  Orbital Command  
  89  29:27  Marauder x2  
  93  29:34  Marine x3  
  93  29:35  Marine x2  
  78  29:48  Marine x2  
  78  29:52  Marine x2  
  53  29:53  Marine  
  53  29:54  Marauder  
  53  29:59  Marine  
  27  30:06  Marauder, Marine  
  27  30:15  Marauder  
Tags
 
Add a new tag
Caveats
  • Supply blocks, unpowered buildings, or Contaminate may cause inaccurate times.
  • Supply counts are checked every 10 seconds.